 Dungeon Crawl Stone Soup version 0.32-a0-834-geaf45d8e21 (webtiles) character file.

Game seed: 15336101575571536034

53 epen the Trooper (level 3, -5/22 (26) HPs)
             Began as an Octopode Monk on Mar 25, 2024.
             Was a Plaything of Xom.
             Slain by Grinder (6 damage)
             ... while paralysed by Grinder
             ... on level 3 of the Dungeon.
             The game lasted 00:03:16 (1587 turns).

epen the Trooper (Octopode Monk)                    Turns: 1587, Time: 00:03:17

HP:   -5/22 (26)    AC:  1    Str: 10    XL:     3   Next: 87%
MP:   3/3           EV:  2    Int: 12    God:    Xom [......]
Gold: 77            SH:  0    Dex: 16    Spells: 2/2 levels left

rFire   . .          .
                       - Unarmed
rCold   . . .        b - orb {light}
rNeg    . . .        (helmet restricted)
rPois   .            (no amulet)
rElec   .            (no ring)
rCorr   .            (no ring)
SInv    .            (no ring)
Will    +....        (no ring)
Stlth   +            (no ring)
HPRegen 0.23/turn    (no ring)
MPRegen 0.08/turn    (no ring)
                     (no ring)

%: no passive effects
@: paralysed, glowing, heavily drained
A: almost no armour, amphibious, 8 rings, camouflage 1, gelatinous body 1,
(nimble swimmer 1), tentacles, strong-willed 1, wild magic 1, inability to read
after injury 2
a: Renounce Religion


You were on level 3 of the Dungeon.
You worshipped Xom.
You were a very special plaything of Xom.
You visited 1 branch of the dungeon, and saw 3 of its levels.

You collected 77 gold pieces.

Inventory:

Missiles
 e - 6 poisoned darts (quivered)
 j - a datura-tipped dart
Armour
 b - an orb of light (worn)
Talismans
 g - a beast talisman
Scrolls
 c - a scroll of blinking
 f - a scroll of teleportation {unknown}
 h - 3 scrolls of identify {unknown}
 i - a scroll of fear {unknown}
 m - a scroll of revelation {unknown}
Potions
 a - a potion of ambrosia
 d - 2 potions of might {unknown}
 k - a potion of enlightenment {unknown}
 l - a potion of resistance {unknown}


   Skills:
 + Level 3.6 Fighting
 + Level 3.6 Dodging
 + Level 3.5 Unarmed Combat


You had 2 spell levels left.
You didn't know any spells.
Your spell library contained the following spells:

 Spells                   Type           Power      Damage    Failure   Level
 Leda's Liquefaction      Alch/Erth      0%         N/A       98%         4
 Petrify                  Alch/Erth      0%         N/A       98%         4
 Metabolic Englaciation   Hex/Ice        0%         N/A       100%        5


Dungeon Overview and Level Annotations

Branches:
Dungeon (3/15)

Altars:
Xom

Annotations:
D:3 Grinder


Innate Abilities, Weirdness & Mutations

You cannot wear most types of armour.
You are amphibious.
You can wear up to eight rings at the same time.
Your skin changes colour to match your surroundings (Stealth+).
Your rubbery body absorbs attacks. (AC +1, EV +1)
((You are camouflaged when in or above water. (Stealth+)))
You have tentacles for arms and can constrict up to eight enemies at once.
You are strong-willed. (Will+)
Your spells are a little harder to cast, but a little more powerful.
You sometimes lose the ability to read scrolls when taking damage.


Message History

You barely miss the hobgoblin. You grab the hobgoblin.
You constrict the hobgoblin. You tentacle-slap the hobgoblin.
You kill the hobgoblin!
You tentacle-slap the hobgoblin. You grab the hobgoblin.
You squeeze the hobgoblin.
You kill the hobgoblin!
The kobold closely misses you.
You see here a hobgoblin corpse.
You tentacle-slap the kobold but do no damage.
You grab the kobold. You squeeze the kobold.
You kill the kobold!
The kobold hits you with a +0 dagger.
There is an open door here.
Unknown command.
You completely miss the kobold. You grab the kobold. You constrict the kobold.
The kobold misses you.
You tentacle-slap the kobold.
You kill the kobold!
Grinder comes into view.
Grinder shouts! "You have grown too confident for your meagre worth."
You feel drained.
Throw: 2 darts (datura)
Press: ? - help, Shift-Dir - straight line, f - Grinder
Aim: Grinder (haloed, 73% to hit, chance to frenzy on hit: 3%)
You throw a datura-tipped dart. The datura-tipped dart hits Grinder.
Grinder resists.
Grinder gestures at you.
You suddenly lose the ability to move!
Grinder hits you!
A shower of butterflies erupts from you!
You writhe in agony.
* * * LOW HITPOINT WARNING * * *
Grinder hits you.
* * * LOW HITPOINT WARNING * * *
You writhe in agony.
You die...
Grinder sighs, "Dead already?
I want a refund."
Xom howls with laughter!

#..).....#
#.....†..#
#........#
#........#
#........##########
#.......)##.......#
########<)'.......+
####.....b.#
#..@..%.# #..5..b.#
#.......# #...(...#
#.......#
..........
............
....#####....


You could see Grinder (ally target).

Vanquished Creatures
  2 ribbon worms (D:2)
  3 dart slugs
  4 ball pythons
  2 endoplasms
  A giant cockroach (D:2)
  A goblin (D:2)
  6 hobgoblins
  3 jackals (D:1)
  4 kobolds
  A quokka (D:1)
  7 bats
  A frilled lizard (D:1)
  3 rats
38 creatures vanquished.

Notes
Turn   | Place    | Note
-------+----------+-------------------------------------------
     0 | D:1      | epen the Octopode Monk began the quest for the Orb.
     0 | D:1      | Reached XP level 1. HP: 16/16 MP: 1/1
   187 | D:1      | Reached XP level 2. HP: 21/21 MP: 2/2
   532 | D:1      | Found a faded altar of an unknown god.
   540 | D:1      | Prayed at the altar of an unknown god.
   540 | D:1      | Became a worshipper of Xom of Chaos
   548 | D:1      | XOM: potion effect (might)
   598 | D:1      | Reached XP level 3. HP: 26/26 MP: 3/3
   606 | D:1      | XOM: divination: magic mapping
   843 | D:2      | XOM: divination: detect items
  1249 | D:2      | XOM: give mutations
  1249 | D:2      | Gained mutation: You occasionally lose the ability to read
                  | scrolls when taking damage. [Xom's mischief]
  1249 | D:2      | Gained mutation: You sometimes lose the ability to read
                  | scrolls when taking damage. [Xom's mischief]
  1249 | D:2      | Gained mutation: You are strong-willed. (Will+) [Xom's
                  | mischief]
  1249 | D:2      | Gained mutation: Your spells are a little harder to cast,
                  | but a little more powerful. [Xom's mischief]
  1580 | D:3      | Noticed Grinder
  1582 | D:3      | XOM: draining
  1583 | D:3      | Paralysed by Grinder for 5 turns
  1586 | D:3      | XOM: butterfly on damage
  1587 | D:3      | HP: 1/22 [Grinder (5)]
  1587 | D:3      | Slain by Grinder

Illustrated notes

Levels and vault maps discovered:
D:1:      dpeg_arrival_houses_and_road, layout_basic,
          hellmonk_ecumenical_altar_zigzags, minmay_pentomino_q2
D:2:      layout_basic
D:3:      minmay_octagon_keep, layout_basic,
          riverfiend_overflow_shadow_ancestor, grunt_gozag_breadcrumbs,
          nicolae_overflow_hidden_temple, gup_sewer_entry_pipe, uniq_grinder

Action                     || total
---------------------------++-------
  Melee: Unarmed           ||    57
         Tentacles         ||    18
         Constrict         ||    24
         Punch             ||     1
  Throw: Dart              ||     1
Ability: Begin Untransform ||     1
    Use: Scroll            ||     1
   Stab: Sleeping          ||     3
 Armour: Skin              ||    36
  Dodge: Dodged            ||    39
   Form: Beast             ||     1

Table legend: (Time is in decaauts)
 A = Elapsed time spent in this place.
 B = Non-inter-level travel time spent in this place.
 C = Inter-level travel time spent in this place.
 D = Time resting spent in this place.
 E = Time spent auto-exploring this place.
 F = Levels seen in this place.
 G = Mean time per level.
                   A        B        C        D        E       F      G
               +--------+--------+--------+--------+--------+-----+--------+
         Total |   1583 |   1511 |     72 |      0 |   1211 |   3 |  527.7 |
       Dungeon |   1583 |   1511 |     72 |      0 |   1211 |   3 |  527.7 |
               +--------+--------+--------+--------+--------+-----+--------+

Top non-repeatable levels by time:
     D:1: 821 daAuts
     D:2: 735 daAuts
     D:3: 26 daAuts
